 Dungeon Crawl Stone Soup version 0.17-a0-1210-g1e4f09d (webtiles) character file.

146 SWAGNEMITE the Grave Robber (level 5, -6/38 HPs)
             Began as a Mummy Necromancer on June 3, 2015.
             Killed from afar by an orc wizard (7 damage)
             ... with a magic dart
             ... on level 3 of the Dungeon.
             The game lasted 00:20:42 (3321 turns).

SWAGNEMITE the Grave Robber (Mummy Necromancer)     Turns: 3321, Time: 00:20:42

Health: -6/38      AC:  3    Str: 11      XL:     5   Next: 7%
Magic:  0/8        EV: 12    Int: 15      God:
Gold:   159        SH:  0    Dex: 12 (13) Spells: 2 memorised, 4 levels left

rFire  x . .     SeeInvis .     (no weapon)
rCold  + . .     Clarity  +     a - +1 robe
rNeg   + + +     SustAt   .     (no shield)
rPois  ∞         Gourm    .     (no helmet)
rElec  .         Spirit   .     (no cloak)
rCorr  .         Warding  .     (no gloves)
rMut   .         Stasis   .     (no boots)
MR     .....                    j - amulet of clarity {Clar, !d}
Stlth  ++........               (no ring)
                                (no ring)

@: not resistant to hostile enchantments, unstealthy
A: no food or potions, fire vulnerability, cold resistance 1, negative energy
resistance 3, torment resistance, unbreathing
a: no special abilities


You were on level 3 of the Dungeon.
You were not hungry.

You visited 1 branch of the dungeon, and saw 4 of its levels.

You collected 159 gold pieces.

Inventory:

Armour
 a - a +1 robe (worn)
Jewellery
 d - an uncursed amulet of resist mutation {rMut, !d}
   (You found it on level 2 of the Dungeon)
 j - an amulet of clarity (around neck) {Clar, !d}
   (You found it on level 1 of the Dungeon)
Scrolls
 c - a scroll of recharging
 g - a scroll of enchant armour
 k - 2 scrolls of remove curse
Books
 b - a book of Necromancy


   Skills:
 + Level 2.1 Fighting
 + Level 2.4 Dodging
 - Level 1.5 Stealth
 - Level 2.0 Spellcasting
 * Level 5.4 Necromancy


You had 4 spell levels left.
You knew the following spells:

 Your Spells              Type           Power        Failure   Level  Hunger
a - Pain                  Necr           ###.         2%          1    N/A
x - Vampiric Draining     Necr           ###.......   10%         3    N/A

Dungeon Overview and Level Annotations

Branches:
Dungeon (4/15)
 Temple: D:4-7

Altars:
Xom

Annotations:
D:3 exclusion: Sigmund, Ijyb, Sigmund
D:4 Eustachio


Innate Abilities, Weirdness & Mutations

You do not eat or drink.
Your flesh is vulnerable to fire.
You are immune to poison.
Your flesh is cold resistant.
You are immune to negative energy.
You are immune to unholy pain and torment.
You can survive without breathing.


Message History

You now have 4/8 mp.
Aim: an orc (severely wounded, chance to defeat MR: 87%)
The orc convulses in agony!
You kill the orc!
An orc wizard comes into view. It is wielding a dagger.
You now have 3/8 mp.
Aim: an orc (chance to defeat MR: 87%)
The orc convulses in agony!
The orc wizard shouts!
You now have 2/8 mp.
Aim: an orc (heavily wounded, chance to defeat MR: 87%)
The orc convulses in agony!
You now have 1/8 mp.
Aim: an orc (almost dead, chance to defeat MR: 87%)
The orc convulses in agony!
You kill the orc!
You now have 0/8 mp.
The orc wizard hits you with a dagger.
Things that are here:
a hand axe; an orc corpse You take 6 damage, and have 32/38 hp.
Aim: an orc wizard, wielding a dagger and wearing a glowing robe (chance to defeat MR: 76%)
The orc wizard barely resists.
The orc wizard looks braver.
You now have 0/8 mp.
You hit the orc wizard but do no damage.
The orc wizard hits you with a dagger.
You take 5 damage, and have 27/38 hp.
You closely miss the orc wizard.
The orc wizard hits you but does no damage.
You closely miss the orc wizard. The orc wizard barely misses you.
You hit the orc wizard but do no damage.
The orc wizard barely misses you.
You can't drink.
Read which item? (? for menu, Esc to quit)
Okay, then.
You barely miss the orc wizard. The orc wizard hits you with a dagger.
You take 5 damage, and have 22/38 hp.
You barely miss the orc wizard. The orc wizard hits you with a dagger.
You take 2 damage, and have 20/38 hp.
You don't have enough magic to cast that spell.
Aim: an orc wizard, wielding a dagger and wearing a glowing robe (chance to defeat MR: 76%)
The orc wizard barely resists.
The orc wizard hits you but does no damage.
You now have 0/8 mp.
The orc wizard hits you with a dagger.
You take 1 damage, and have 20/38 hp.
You barely miss the orc wizard. The orc wizard closely misses you.
Your magical contamination has completely faded away.
You hit the orc wizard. The orc wizard closely misses you.
You closely miss the orc wizard. The orc wizard closely misses you.
You hit the orc wizard but do no damage.
The orc wizard hits you but does no damage.
You barely miss the orc wizard.
The orc wizard hits you but does no damage.
You hit the orc wizard but do no damage.
The orc wizard hits you with a dagger.
You take 3 damage, and have 17/38 hp.
You closely miss the orc wizard. The orc wizard barely misses you.
You closely miss the orc wizard.
The orc wizard hits you but does no damage.
Aim: an orc wizard, wielding a dagger and wearing a glowing robe (lightly wounded, chance to defeat MR: 76%)
The orc wizard convulses in agony!
The orc wizard closely misses you.
You now have 0/8 mp.
You hit the orc wizard but do no damage.
The orc wizard hits you but does no damage.
You closely miss the orc wizard.
The orc wizard hits you but does no damage.
You hit the orc wizard but do no damage.
The orc wizard points at you and mumbles some strange words.
The puff of flame hits you! The fire burns you terribly!
* * * LOW HITPOINT WARNING * * *
You take 12 damage, and have 6/38 hp.
MASSIVE DAMAGE!!
Read which item? (? for menu, Esc to quit)
Okay, then.
You closely miss the orc wizard. The orc wizard barely misses you.
You don't have enough magic to cast that spell.
You hit the orc wizard. The orc wizard closely misses you.
You barely miss the orc wizard.
The orc wizard hits you but does no damage.
You hit the orc wizard but do no damage.
The orc wizard gestures at you while chanting.
The puff of frost hits you! You resist.
* * * LOW HITPOINT WARNING * * *
You take 5 damage, and have 2/38 hp.
You closely miss the orc wizard.
The orc wizard mumbles some strange words.
The orc wizard seems to speed up.
Unknown command.
Aim: an orc wizard, wielding a dagger and wearing a glowing robe (moderately wounded, fast, chance to defeat MR: 76%)
The orc wizard barely resists.
The orc wizard hits you with a dagger.
* * * LOW HITPOINT WARNING * * *
You take 1 damage, and have 1/38 hp.
You now have 0/8 mp.
You barely miss the orc wizard. The orc wizard barely misses you.
The orc wizard hits you but does no damage.
You barely miss the orc wizard. The orc wizard casts a spell at you.
The magic dart hits you!
You die...

#. . .######...
#.##.##.######... #
#)..........##...
##.##..##....##.##...
.............##.###.#
#######..)((..........#
#.....##.##(##.##......
###.....##.##.##.##.#####
..!....o@..##.......#####
###.....#####.##.##....##
#.....# #.##.##.##.##
####### #.##.##.##...
#)........†..
#.##.#.#.####
#.##.........
!......#.....
.......#.....


You could see an orc wizard.

Vanquished Creatures
  5 adders
  2 oozes
  2 adder zombies (D:2)
  2 adder skeletons (D:2)
  3 worms
  A giant gecko (D:2)
  4 orcs (D:3)
  4 bats
  A bat skeleton (D:2)
  A bat zombie (D:2)
  2 giant cockroaches (D:1)
  4 hobgoblins
  3 jackals (D:2)
  A ball python skeleton (D:2)
  A giant gecko skeleton (D:2)
  A giant gecko zombie (D:2)
  2 giant newts
  13 goblins
  9 kobolds
  10 rats
71 creatures vanquished.

Notes
Turn   | Place    | Note
--------------------------------------------------------------
     0 | D:1      | SWAGNEMITE the Mummy Necromancer began the quest for the Orb.
     0 | D:1      | Reached XP level 1. HP: 13/13 MP: 3/3
   256 | D:1      | Reached XP level 2. HP: 20/20 MP: 1/5
   259 | D:1      | Learned a level 1 spell: Animate Skeleton
   288 | D:1      | Reached skill level 1 in Fighting
   950 | D:2      | Reached XP level 3. HP: 17/26 MP: 1/6
  1084 | D:2      | Found a shimmering altar of Xom.
  1093 | D:2      | Reached skill level 2 in Dodging
  1897 | D:2      | Learned a level 3 spell: Vampiric Draining
  1978 | D:2      | Reached XP level 4. HP: 26/33 MP: 3/7
  1998 | D:2      | Reached skill level 5 in Necromancy
  2506 | D:4      | Noticed Eustachio
  2694 | D:4      | Noticed an ogre
  2755 | D:3      | You fall through a shaft!
  2797 | D:3      | Noticed Ijyb
  2925 | D:3      | Noticed Sigmund
  2989 | D:3      | Reached skill level 2 in Fighting
  3212 | D:3      | Reached XP level 5. HP: 38/38 MP: 3/8
  3313 | D:3      | HP: 6/38 [orc wizard/puff of flame (12)]
  3317 | D:3      | HP: 2/38 [orc wizard/puff of frost (5)]
  3321 | D:3      | Killed from afar by an orc wizard

Vault maps used:
D:1:      zaba_arrival_water, hangedman_abyss_or_decor_lesser_grid
D:2:      nicolae_overflow_crystal_walls, serial_undead, serial_undead_e,
          serial_undead_d, serial_undead_b, serial_undead_a, serial_undead_c,
          serial_undead_e, serial_undead_b, serial_undead_e, serial_undead_d,
          serial_undead_d
D:3:      kennysheep_the_goblin_king, first_bread, uniq_sigmund
D:4:      minmay_temple_entry_from_below_b, serial_bayou, serial_bayou_lagoon_a,
          serial_bayou_ford_a, serial_bayou_pond_d, serial_bayou_crossing,
          uniq_eustachio

Action                   |  1- 3 |  4- 6 || total
-------------------------+-------+-------++-------
Melee: Unarmed           |   125 |    50 ||   175
 Cast: Pain              |    58 |    81 ||   139
       Vampiric Draining |       |     1 ||     1
  Use: Scroll            |     9 |       ||     9

Vault maps used:
D:1:      zaba_arrival_water, hangedman_abyss_or_decor_lesser_grid
D:2:      nicolae_overflow_crystal_walls, serial_undead, serial_undead_e,
          serial_undead_d, serial_undead_b, serial_undead_a, serial_undead_c,
          serial_undead_e, serial_undead_b, serial_undead_e, serial_undead_d,
          serial_undead_d
D:3:      kennysheep_the_goblin_king, first_bread, uniq_sigmund
D:4:      minmay_temple_entry_from_below_b, serial_bayou, serial_bayou_lagoon_a,
          serial_bayou_ford_a, serial_bayou_pond_d, serial_bayou_crossing,
          uniq_eustachio

Table legend:
 A = Turns spent in this place as a percentage of turns spent in the entire game.
 B = Non-inter-level travel turns spent in this place as a percentage of non-inter-level travel turns spent in the entire game.
 C = Inter-level travel turns spent in this place as a percentage of turns spent in this place.
 D = Turns resting spent in this place as a percentage of non-inter-level travel turns spent in this place.
 E = Turns spent auto-exploring this place as a percentage of non-inter-level travel turns spent in this place.
 F = Non-inter-level travel turns spent in this place divided by the number of levels of this place that you've seen.
                   A       B       C       D       E      F
               +-------+-------+-------+-------+-------+----------------------
         Total | 100.0 | 100.0 |   0.4 |   6.6 |   7.2 | 259.5
       Dungeon | 100.0 | 100.0 |   0.4 |   6.6 |   7.2 | 259.5
               +-------+-------+-------+-------+-------+----------------------

Table legend:
 A = Kills in this place as a percentage of kills in entire the game.
 B = Kills by you in this place as a percentage of kills by you in the entire game.
 C = Kills by friends in this place as a percentage of kills by friends in the entire game.
 D = Other kills in this place as a percentage of other kills in the entire game.
 E = Experience gained in this place as a percentage of experience gained in the entire game.
 F = Experience gained in this place divided by the number of levels of this place that you have seen.
                   A       B       C       D       E      F
               +-------+-------+-------+-------+-------+----------------------
         Total | 100.0 | 100.0 |  -nan |  -nan | 100.0 |  52.2
       Dungeon | 100.0 | 100.0 |  -nan |  -nan | 100.0 |  52.2
               +-------+-------+-------+-------+-------+----------------------
